 Dungeon Sprint DCSS version bcrawl-1.19.1 (webtiles) character file.

Game seed: 7285696790370726833

294 FishyPogo the Reanimator (level 6, -3/47 HPs)
             Began as a Vampire Necromancer on Nov 21, 2019.
             Slain by Sonja
             ... wielding a +1 dagger of distortion
              (9 damage)
             ... in the Dungeon (Sprint I: "Red Sonja").
             The game lasted 00:02:37 (102 turns).

FishyPogo the Reanimator (Vampire Necromancer)       Turns: 102, Time: 00:02:38

Health: -3/47      AC:  2    Str: 13    XL:     6   Next: 11%
Magic:  9/11       EV: 14    Int: 15    God:
Gold:   162        SH:  0    Dex: 14    Spells: 11/12 levels left

rFire    . . .     SeeInvis +   g - +1 dagger (chaos)
rCold    . . .     Gourm    .   (no shield)
rNeg     + . .     Faith    .   b - +0 robe
rPois    .         Spirit   .   (no helmet)
rElec    .         Reflect  .   (no cloak)
rCorr    .         Harm     .   (no gloves)
MR       .....     NoTele   +   (no boots)
Stlth    +++++.....             (no amulet)
HPRegen  0.15/turn              (no ring)
MPRegen  0.12/turn              (no ring)

@: no status effects
A: claws 1, fangs 3, see invisible, unbreathing
a: no special abilities


You were in the Dungeon.
You were not thirsty.

You visited 1 branch You collected 162 gold pieces.

Inventory:

Hand Weapons
 a - a +0 dagger
 g - a +1 dagger of chaos (weapon)
Armour
 b - a +0 robe (worn)
 i - a +3 chain mail of fire resistance
Wands
 c - a wand of polymorph (8)
Scrolls
 j - a scroll of blinking
 k - a scroll of fear {unknown}
Potions
 d - a potion of blood
 e - a potion of curing
 f - a potion of heal wounds
 h - 2 potions of magic


   Skills:
 * Level 3.5 Fighting
 + Level 0.2 Short Blades
 + Level 3.8 Dodging
 + Level 7.2 Stealth
 - Level 1.5 Unarmed Combat
 + Level 3.9 Spellcasting
 + Level 11.7 Necromancy


You had 11 spell levels left.
You knew the following spells:

 Your Spells              Type           Power        Failure   Level  Hunger
a - Pain                  Necr           #####.       1%          1    None

Your spell library contained the following spells:

 Spells                   Type           Power        Failure   Level  Hunger
 Animate Skeleton         Necr           N/A          1%          1    None
 Vampiric Draining        Necr           #####.....   1%          3    ###....
 Animate Dead             Necr           N/A          1%          4    ####...
 Regeneration             Chrm/Necr      ###.......   4%          3    ###....
 Bolt of Draining         Conj/Necr      ###.......   41%         5    ######.


Dungeon Overview and Level Annotations

Branches:
Dungeon (1/1)

Altars:
Sif Muna
Vehumet
Wu Jian

Annotations:
D Sonja


Innate Abilities, Weirdness & Mutations

You have sharp fingernails.
You have razor-sharp teeth.
You have supernaturally acute eyesight. (SInv)
You can survive without breathing.


Message History

Sonja is moderately wounded.
Sonja unwields a +0 blowgun.
Sonja wields a +1 dagger of distortion.
Its appearance distorts for a moment.
Sonja barely misses you. Sonja misses you.
Sonja hits you with a +1 dagger of distortion.
You barely miss Sonja.
Sonja is moderately wounded.
Sonja hits you with a +1 dagger of distortion!
Space warps horribly around you!
Sonja hits you with a +1 dagger of distortion. x2
Space warps horribly around you!
* * * LOW HITPOINT WARNING * * *
Casting: Pain (safe; 1% risk of failure)
Confirm with . or Enter, or press ? or * to list all spells.
Aiming: Pain (safe; 1% risk of failure)
Press: ? - help, Shift-Dir - straight line, f/p - Sonja
Aim: Sonja, wielding a +1 dagger of distortion (moderately wounded, chance to defeat MR: 95%) Sonja writhes in agony.
Sonja hits you with a +1 dagger of distortion!
You die...

################
#<.#..'..#.)'..#
#..)..#.)'..#..+
#..#####'#####'#
#..# #..# #$#
#..# #### ##:#
#..# #+#_.+ #⌠⌠#
+..K_# ####
#_@#'# ##'#.#
#.### $.$ #$.$#
##.## #+#


You could see Sonja.

Vanquished Creatures
  Sigmund (D)
  An ogre (D)
  A jelly (D)
  Ijyb (D)
4 creatures vanquished.

Notes
Turn   | Place    | Note
-------+----------+-------------------------------------------
     0 | D        | FishyPogo the Vampire Necromancer began the quest for the
                  | Orb.
     0 | D        | Reached XP level 1. HP: 13/13 MP: 3/3
     2 | D        | Noticed Ijyb
    18 | D        | Killed Ijyb
    18 | D        | Reached skill level 6 in Necromancy
    18 | D        | Reached XP level 2. HP: 19/19 MP: 3/5
    39 | D        | Noticed an ogre
    41 | D        | Killed an ogre
    41 | D        | Reached skill level 5 in Stealth
    41 | D        | Reached skill level 1 in Unarmed Combat
    41 | D        | Reached skill level 9 in Necromancy
    41 | D        | Reached XP level 3. HP: 19/24 MP: 4/7
    41 | D        | Reached XP level 4. HP: 24/30 MP: 4/8
    59 | D        | Noticed Sigmund
    65 | D        | Killed Sigmund
    65 | D        | Reached skill level 11 in Necromancy
    65 | D        | Reached XP level 5. HP: 38/41 MP: 7/10
    77 | D        | Found an ornate altar of the Wu Jian Council.
    77 | D        | Found a shimmering blue altar of Sif Muna.
    79 | D        | Found a radiant altar of Vehumet.
    83 | D        | Reached XP level 6. HP: 47/47 MP: 9/11
    96 | D        | Noticed Sonja
   102 | D        | Slain by Sonja

Skill      XL: |  1  2  3  4  5 |
---------------+----------------+-----
Stealth        | 4 5 6 7 |  7.2
Necromancy     | 6 9 11 | 11.7
Dodging        | 3 |  3.8
Unarmed Combat | 1 |  1.5
Spellcasting   | 3 |  3.9
Fighting       | 3 |  3.5
Short Blades   | |  0.2

Action                   |  1- 3 |  4- 6 || total
-------------------------+-------+-------++-------
Melee: Dagger            |     7 |     7 ||    14
       Unarmed           |     5 |       ||     5
       Bite              |       |     3 ||     3
 Cast: Pain              |       |     2 ||     2
  Use: Potion            |     2 |       ||     2
 Stab: Confused          |     1 |       ||     1
       Sleeping          |     1 |     2 ||     3
Dodge: Dodged            |     1 |     5 ||     6
